Map: Winter's Gate LE

Players

llIIllIIIIIl

  • Race: Protoss Protoss
  • League: Master
  • Spawn Location: 5:00

Scarlett - Winner!

  • Race: Zerg Zerg
  • Spawn Location: 11:00

Event: NationWars 2019

VOD

Have the link to the VOD?

Description

Time

  • Played on: Nov. 16, 2019, 12:04 p.m.
  • Length: 7:48
Show
View Real Time Build Order
Export as new Build Order

llIIllIIIIIl Protoss 

Build Orders: 1 Gate Expand, Phoenix Opening 

Get SALT Encoding   

  12  0:00  Probe  
  13  0:13  Probe  
  14  0:20  Pylon  
  14  0:25  Probe  
  15  0:38  Probe (Chrono Boost)  
  15  0:39  Gateway  
  16  0:49  Probe (Chrono Boost), Assimilator  
  17  0:54  Probe (Chrono Boost)  
  18  1:05  Probe  
  19  1:17  Probe  
  20  1:27  Cybernetics Core  
  20  1:35  Nexus  
  21  1:43  Assimilator  
  20  1:47  Pylon  
  20  1:51  Probe  
  21  2:00  Adept (Chrono Boost)  
  21  2:05  Probe  
  24  2:15  Stargate  
  24  2:17  Probe  
  24  2:20  Adept (Chrono Boost)  
  27  2:34  Probe  
  25  2:46  Probe  
  25  2:48  Probe  
  27  2:55  Warp Gate  
  27  3:00  Probe (Chrono Boost)  
  27  3:03  Probe (Chrono Boost)  
  29  3:08  Phoenix (Chrono Boost)  
  32  3:13  Probe (Chrono Boost)  
  32  3:14  Probe (Chrono Boost)  
  33  3:23  Probe  
  33  3:24  Probe  
  35  3:31  Phoenix  
  37  3:35  Probe  
  37  3:36  Probe  
  39  3:46  Pylon  
  41  3:48  Probe (Chrono Boost)  
  41  3:51  Probe (Chrono Boost)  
  41  3:56  Phoenix  
  41  3:59  Probe (Chrono Boost)  
  41  4:00  Pylon  
  45  4:03  Probe (Chrono Boost)  
  45  4:04  Probe (Chrono Boost)  
  46  4:11  Probe, Robotics Facility  
  46  4:15  Assimilator  
  48  4:17  Probe, Assimilator  
  48  4:23  Phoenix (Chrono Boost), Probe  
  49  4:29  Probe  
  52  4:35  Pylon, Probe  
  53  4:41  Probe  
  53  4:42  Phoenix  
  56  4:48  Probe  
  56  4:50  Zealot  
  59  4:53  Probe  
  59  4:55  Immortal (Chrono Boost)  
  64  5:09  Gateway  
  64  5:11  Gateway  
  64  5:12  Sentry  
  66  5:17  Gateway  
  66  5:24  Warp Prism (Chrono Boost)  
  66  5:27  Pylon  
  68  5:38  Sentry  
  70  5:46  Gateway  
  70  5:47  Gateway  
  70  5:51  Immortal (Chrono Boost)  
  74  6:00  Gateway  
  74  6:05  Sentry x2  
  74  6:07  Pylon  
  74  6:08  Pylon  
  74  6:09  Sentry  
  78  6:23  Pylon, Gateway  
  79  6:37  Stalker x4  
  87  6:41  Pylon  
  87  6:43  Pylon, Stalker  
  87  6:44  Sentry  
  90  7:02  Sentry x4  
  90  7:04  Zealot  
  90  7:08  Stalker x2  
  94  7:26  Stalker x3  
  82  7:33  Stalker x3  
Show
View Real Time Build Order
Export as new Build Order

Scarlett Zerg - Winner!

Build Orders: Pool First 

Get SALT Encoding   

  12  0:01  Drone  
  13  0:12  Overlord  
  13  0:16  Drone  
  14  0:31  Drone x2  
  16  0:40  Spawning Pool  
  15  0:46  Drone  
  15  0:48  Drone  
  17  1:07  Hatchery  
  16  1:12  Drone  
  17  1:27  Zergling x4  
  17  1:28  Zergling x2  
  17  1:30  Queen  
  17  1:31  Extractor  
  21  1:39  Overlord  
  21  1:53  Drone  
  22  2:04  Drone  
  22  2:06  Queen  
  25  2:13  Drone  
  26  2:19  Queen  
  28  2:32  Drone x3  
  28  2:36  Drone  
  30  2:41  Drone x2, Queen  
  33  2:46  Metabolic Boost  
  33  2:51  Overlord  
  33  2:55  Zergling x2  
  34  2:58  Zergling x2  
  34  2:59  Zergling x2  
  36  3:07  Overlord  
  36  3:12  Drone x4  
  40  3:23  Drone x4  
  40  3:25  Overlord  
  44  3:31  Drone  
  44  3:33  Spore Crawler  
  44  3:43  Hatchery  
  44  3:44  Drone  
  44  3:47  Drone  
  45  3:51  Drone x3  
  45  3:54  Drone  
  49  3:55  Zergling x2  
  49  3:57  Zergling x2  
  49  4:02  Spore Crawler, Drone  
  51  4:08  Queen  
  53  4:10  Drone x2, Extractor  
  53  4:12  Drone  
  53  4:15  Zergling x2  
  56  4:17  Drone  
  56  4:18  Drone  
  56  4:20  Drone  
  56  4:22  Zergling x2, Extractor  
  56  4:23  Drone  
  60  4:26  Overlord  
  60  4:32  Roach Warren  
  60  4:36  Overlord  
  59  4:50  Overlord  
  59  4:51  Overlord x2  
  59  4:52  Drone  
  60  4:54  Evolution Chamber  
  59  5:04  Drone x8  
  67  5:10  Lair  
  67  5:13  Queen  
  69  5:16  Spore Crawler  
  68  5:21  Spore Crawler  
  68  5:22  Drone x4  
  68  5:27  Zerg Missile Weapons Level 1  
  71  5:35  Drone  
  71  5:36  Drone x5  
  71  5:39  Spore Crawler  
  76  5:52  Overlord x5  
  76  5:59  Roach x3  
  82  6:08  Drone  
  83  6:12  Spore Crawler, Glial Reconstitution  
  83  6:15  Drone x8  
  83  6:17  Drone x3, Extractor  
  92  6:19  Extractor  
  92  6:20  Roach x2  
  95  6:27  Infestation Pit  
  95  6:28  Roach x3  
  100  6:37  Ravager x3  
  100  6:38  Roach x6  
  116  6:44  Ravager x2  
  118  6:47  Roach x2  
  118  6:48  Roach x2  
  118  6:50  Ravager x2, Overlord  
  118  6:52  Queen  
  137  7:01  Roach x4  
  137  7:08  Roach, Overlord x3  
  138  7:15  Roach  
  138  7:16  Roach x3  
  138  7:21  Roach x3  
  145  7:26  Roach x5  
Tags
 
Add a new tag
Caveats
  • Supply blocks, unpowered buildings, or Contaminate may cause inaccurate times.
  • Supply counts are checked every 10 seconds.